 Dungeon Crawl Stone Soup version 0.22.0-34-g4f65f92 (webtiles) character file.

820 Faca the Spear-Bearer (level 7, -6/60 HPs)
             Began as a Merfolk Chaos Knight on Aug 23, 2018.
             Mangled by Pikel
             ... wielding a +1 whip of flaming
              (7 damage)
             ... while paralysed by Pikel
             ... on level 6 of the Dungeon.
             The game lasted 00:14:36 (5959 turns).

Faca the Spear-Bearer (Merfolk Chaos Knight)        Turns: 5959, Time: 00:14:37

Health: -6/60      AC:  5    Str: 14      XL:     7   Next: 95%
Magic:  7/7        EV:  2    Int: 16      God:    Xom [....*.]
Gold:   285        SH:  0    Dex: 16 (17) Spells: 6/6 levels left

rFire    . . .     SeeInvis .   a - +1 spear (chaos)
rCold    . . .     Gourm    .   (no shield)
rNeg     . . .     Faith    .   d - +0 ring mail
rPois    .         Spirit   .   t - +1 helmet
rElec    .         Reflect  .   (no cloak)
rCorr    +         Harm     .   s - +0 pair of gloves
MR       .....                  (no boots)
Stlth    +.........             (no amulet)
HPRegen  0.20/turn              m - ring of resist corrosion
MPRegen  0.10/turn              (no ring)

@: paralysed
A: change form in water, swift swim, stealthy swim, agile 1, clever 2, deformed
body, strong 1, evolution 1, MP-powered wands
a: Renounce Religion


You were on level 6 of the Dungeon.
You worshipped Xom.
You were a beloved toy of Xom.
You were not hungry.

You visited 1 branch of the dungeon, and saw 6 of its levels.
You also visited: Sewer.

You collected 285 gold pieces.

Inventory:

Hand Weapons
 a - a +1 spear of chaos (weapon)
Missiles
 e - 8 javelins
 y - 8 tomahawks (quivered)
Armour
 d - a +0 ring mail (worn)
 s - a +0 pair of gloves (worn)
 t - a +1 helmet (worn)
 w - a +0 shield
Jewellery
 m - a ring of resist corrosion (left hand)
Wands
 l - a wand of acid (13)
Scrolls
 b - 2 scrolls of teleportation
 g - a scroll of magic mapping
 i - 5 scrolls of remove curse
 v - a scroll of silence {unknown}
 x - a scroll of immolation {unknown}
 z - 2 scrolls of enchant weapon
Potions
 f - a potion of lignification
 h - a potion of agility {unknown}
 j - 2 potions of flight
 k - 2 potions of mutation
 n - 3 potions of invisibility
 o - a potion of heal wounds
 p - 4 potions of curing {unknown}
 q - a potion of degeneration {unknown}
 r - a potion of might
 u - a potion of brilliance {unknown}
Comestibles
 c - 5 rations
 A - a chunk of flesh


   Skills:
 + Level 7.4 Fighting
 + Level 9.7 Polearms
 - Level 0.6 Armour
 - Level 2.6 Dodging


You had 6 spell levels left.
You didn't know any spells.
Your spell library was empty.

Dungeon Overview and Level Annotations

Branches:
Dungeon (6/15)
 Temple: D:4-7

Altars:
Dithmenos
Trog
Xom
Yredelemnul

Annotations:
D:6 Pikel
Abyss:1 Natasha


Innate Abilities, Weirdness & Mutations

You revert to your normal form in water.
You are very nimble and swift while swimming.
You are very stealthy in the water. (Stealth+)
You are agile. (Dex +2)
Your mind is very acute. (Int +4)
Armour fits poorly on your strangely shaped body.
Your muscles are strong. (Str +2)
You evolve.
You expend magic power (3 MP) to strengthen your wands.


Message History

Pikel is severely wounded. "Get over here!"
Pikel blinks!
Pikel drinks a potion.
Pikel seems to grow stronger.
Pikel zaps a wand.
You suddenly lose the ability to move!
Pikel hits you with a whip of flaming! Pikel burns you!
* * * LOW HITPOINT WARNING * * *
The slave shouts!
Pikel hits you with a whip of flaming!
* * * LOW HITPOINT WARNING * * *
Pikel burns you.
* * * LOW HITPOINT WARNING * * *
"Serve the mortal, my child!"
Pikel hits you with a whip of flaming.
* * * LOW HITPOINT WARNING * * *
Pikel burns you.
* * * LOW HITPOINT WARNING * * *
Pikel hits you with a whip of flaming!
You die...
Xom giggles madly!

...#####.........#
#.#####..####...# # #....#####
#...# #...##.# ##.## #....#.####
#.# ...._......# #.#
##.#....##..# ##.# #.##...
#.p#####..######### ...##
#5@......##........ .
###.####..K...............
..######.......########........
.............#..## #........
..###..#.##......... #........
.........###.#######.#######....
.........#####.###.###.###.#....
#######.....#.#.#.#.#.#.#.#.....
#....)#))...#.#.#.#.#.#.#.#.....


You could see Pikel, a slave and a friendly ufetubus.

Vanquished Creatures
  A slave (D:6)
  An ogre (D:6)
  A bullfrog (Sewer)
  A scorpion (D:4)
  A bullfrog zombie (D:5)
  A quasit (D:5)
  An orc priest (D:5)
  A bullfrog skeleton (D:5)
  A hound (D:5)
  4 worker ants (D:4)
  A hound skeleton (D:3)
  7 adders
  A shadow imp (D:5)
  An ooze (D:3)
  A worm (D:2)
  A dart slug (D:1)
  4 leopard geckos
  10 orcs
  8 giant cockroaches
  A giant cockroach (shapeshifter) (D:5)
  2 gnoll zombies (D:6)
  4 goblins
  3 hobgoblins
  13 jackals
  2 quokkas
  6 ball pythons (Sewer)
  5 bats
  12 frilled lizards
  5 kobolds
  A leopard gecko skeleton (D:4)
  10 rats
111 creatures vanquished.

Vanquished Creatures (collateral kills)
  An ice beast (D:5)
  An ogre (D:5)
  A bullfrog (Sewer)
  A howler monkey (D:5)
  A jelly (D:5)
  An adder (D:5)
  A shadow imp (D:5)
  2 worms (D:5)
  A rat (D:5)
10 creatures vanquished.

Grand Total: 121 creatures vanquished

Notes
Turn   | Place    | Note
-------+----------+-------------------------------------------
     0 | D:1      | Faca the Merfolk Chaos Knight began the quest for the Orb.
     0 | D:1      | Reached XP level 1. HP: 18/18 MP: 1/1
    64 | D:1      | You fall through a shaft!
   212 | D:1      | Reached XP level 2. HP: 24/24 MP: 2/2
   346 | D:1      | Reached skill level 5 in Polearms
   354 | D:1      | XOM: harmless Chrm miscast
   568 | D:1      | XOM: harmless Chrm miscast
   635 | D:1      | XOM: harmless Chrm miscast
   661 | D:2      | Reached XP level 3. HP: 23/30 MP: 3/3
   928 | D:2      | XOM: scenery: create altars
  1013 | D:2      | XOM: god gift: scroll labeled BIGIEXT DAOTU {god gift}
  1039 | D:2      | XOM: mild Fire miscast
  1554 | D:3      | Reached XP level 4. HP: 38/38 MP: 4/4
  1625 | D:3      | Reached skill level 6 in Polearms
  1658 | D:3      | XOM: noise
  1793 | D:3      | Noticed Natasha
  1801 | D:3      | Banished Natasha
  1801 | D:3      | Reached XP level 5. HP: 27/43 MP: 5/5
  1824 | D:3      | XOM: give mutations
  1824 | D:3      | Gained mutation: You are somewhat resistant to further mutation. [Xom's mischief]
  1824 | D:3      | Gained mutation: Armour fits poorly on your strangely shaped body. [Xom's mischief]
  1958 | D:3      | XOM: mild Summ miscast
  1979 | D:3      | XOM: torment (21/43 hp)
  2455 | D:3      | XOM: 5-stop teleportation journey
  2794 | D:3      | XOM: cloud trail
  2826 | D:4      | Reached skill level 5 in Fighting
  2911 | D:4      | Reached skill level 7 in Polearms
  3252 | D:4      | XOM: scenery: 1 doors open
  3260 | D:4      | Reached XP level 6. HP: 32/52 MP: 6/6
  3278 | D:4      | XOM: mild Tmut miscast
  3871 | D:5      | Entered Level 5 of the Dungeon
  3871 | D:5      | Noticed an ice beast
  3874 | D:5      | XOM: summons friendly white imp
  3880 | D:5      | Found a glowing drain.
  3889 | Sewer    | Entered a sewer
  4146 | Sewer    | XOM: cloud trail
  4232 | Sewer    | XOM: summons 6 friendly demons
  4239 | Sewer    | Reached skill level 8 in Polearms
  4335 | Sewer    | XOM: give mutations
  4335 | Sewer    | Gained mutation: Your mind is acute. (Int +2) [Xom's grace]
  4335 | Sewer    | Gained mutation: Your muscles are strong. (Str +2) [Xom's grace]
  4348 | D:5      | XOM: fog
  4349 | D:5      | XOM: cast spell 'Summon Horrible Things'
  4352 | D:5      | Reached XP level 7. HP: 42/59 MP: 7/7
  4468 | D:5      | Reached skill level 9 in Polearms
  4506 | D:5      | XOM: 4-stop teleportation journey
  4841 | D:5      | Found a shadowy altar of Dithmenos.
  4855 | D:5      | XOM: confuse monster(s)
  4922 | D:5      | XOM: god gift: scroll labeled IWIL KUDI NUKH {god gift}
  5108 | D:5      | XOM: god gift: 35 gold pieces
  5699 | D:6      | XOM: give mutations
  5699 | D:6      | Gained mutation: Your mind is very acute. (Int +4) [Xom's grace]
  5699 | D:6      | Lost mutation: You are somewhat resistant to further mutation. [Xom's grace]
  5699 | D:6      | Gained mutation: You evolve. [Xom's grace]
  5794 | D:6      | Found a basalt altar of Yredelemnul.
  5869 | D:6      | XOM: give mutations
  5869 | D:6      | Gained mutation: You are agile. (Dex +2) [Xom's grace]
  5869 | D:6      | Gained mutation: Your spells are a little harder to cast, but a little more powerful. [Xom's grace]
  5869 | D:6      | Gained mutation: You expend magic power (3 MP) to strengthen your wands. [Xom's grace]
  5910 | D:6      | Lost mutation: Your spells are a little harder to cast, but a little more powerful. [evolution]
  5916 | D:6      | Found a bloodstained altar of Trog.
  5929 | D:6      | Noticed Pikel
  5953 | D:6      | XOM: blink monster(s)
  5955 | D:6      | Paralysed by Pikel for 6 turns
  5958 | D:6      | XOM: summons friendly ufetubus
  5958 | D:6      | HP: 2/60 [Pikel/whip of flaming (2)]
  5959 | D:6      | Mangled by Pikel

Skill      XL: |  1  2  3  4  5  6  7 |
---------------+----------------------+-----
Polearms       | 5 6 7 8 9 |  9.7
Fighting       | 4 5 6 7 |  7.4
Armour         | |  0.6
Dodging        | |  2.6

Action                   |  1- 3 |  4- 6 |  7- 9 || total
-------------------------+-------+-------+-------++-------
Melee: Spear             |   117 |   153 |   155 ||   425
       Tailslap          |       |     3 |     1 ||     4
  Use: Scroll            |       |    10 |     2 ||    12
 Stab: Confused          |       |     2 |     2 ||     4
       Distracted        |       |     1 |       ||     1
       Paralysed         |       |       |     2 ||     2
  Eat: Ration            |     1 |     2 |     2 ||     5
       Chunk             |       |       |     1 ||     1
Armor: Ring mail         |    45 |    21 |    46 ||   112
Dodge: Dodged            |    33 |    44 |    46 ||   123
